 Dungeon Crawl Stone Soup version 0.20.1-1-g8b1a95d (console) character file.

74 hilaritas the Shield-Bearer (level 4, 0/35 HPs)
             Began as a Formicid Fighter on Aug 18, 2017.
             Slain by Ijyb
             ... wielding a +5 dagger of electrocution
              (1 damage)
             ... on level 3 of the Dungeon.
             The game lasted 00:03:27 (1778 turns).

hilaritas the Shield-Bearer (Formicid Fighter)      Turns: 1778, Time: 00:03:28

Health: 0/35       AC: 10    Str: 25 (26) XL:     4   Next: 54%
Magic:  4/4        EV:  6    Int:  7 (8)  God:
Gold:   157        SH: 10    Dex:  9 (10) Spells: 3/3 levels left

rFire    . . .     SeeInvis +   a - +0 war axe
rCold    . . .     Gourm    .   c - +0 shield
rNeg     . . .     Faith    .   j - +0 chain mail (curse)
rPois    .         Spirit   .   (helmet unavailable)
rElec    .         Reflect  .   (no cloak)
rCorr    .         Harm     .   i - +0 pair of gloves
MR       .....                  (no boots)
Stlth    ..........             (no amulet)
Regen    0.2/turn               (no ring)
MPRegen  0.1/turn               (no ring)

@: mighty, very slightly contaminated, invisible
A: permanent stasis, dig shafts and tunnels, four strong arms, antennae 3
a: Dig, Shaft Self


You were on level 3 of the Dungeon.
You were not hungry.

You visited 1 branch of the dungeon, and saw 3 of its levels.

You collected 157 gold pieces.

Inventory:

Hand Weapons
 a - a +0 war axe (weapon)
 k - a +0 whip
Armour
 c - a +0 shield (worn)
 i - a +0 pair of gloves (worn)
 j - a cursed +0 chain mail (worn)
Wands
 t - a wand of polymorph (11/24)
Scrolls
 b - a scroll of fear {unknown}
 e - a scroll of teleportation {unknown}
 l - a scroll of enchant weapon {unknown}
 p - a scroll of remove curse {unknown}
 q - 4 scrolls of identify {unknown}
Potions
 d - a potion of might
 h - a potion of degeneration
 n - a potion of invisibility
 s - a potion of magic
 u - a potion of mutation {unknown}
 v - a potion of cancellation {unknown}
 w - a potion of lignification {unknown}
Comestibles
 f - 2 bread rations
 g - 2 meat rations
 m - 2 royal jellies
 r - 3 chunks of flesh


   Skills:
 - Level 3.2 Fighting
 * Level 3.6 Axes
 - Level 3.2 Armour
 + Level 4.7 Shields


You had 3 spell levels left.
You didn't know any spells.

Dungeon Overview and Level Annotations

Branches:
Dungeon (3/15)

Altars:
Kikubaaqudgha
Yredelemnul

Annotations:
D:3 Ijyb


Innate Abilities, Weirdness & Mutations

You cannot be hasted, slowed, berserked, paralysed or teleported.
You can dig through walls and to a lower floor.
Your four strong arms can wield two-handed weapons with a shield.
You have a pair of large antennae on your head. (SInv)


Message History

Ijyb hits you with a dagger of electrocution.
* * * LOW HITPOINT WARNING * * *
Ijyb hits you with a dagger of electrocution.
* * * LOW HITPOINT WARNING * * *
It was a potion of degeneration.
There was something very wrong with that liquid.
You feel weakened.
You feel dopey.
You feel clumsy.
Ijyb zaps a wand.
The puff of flame hits you!
* * * LOW HITPOINT WARNING * * *
It is a wand of flame (?/48).
It was a potion of invisibility.
You fade into invisibility!
Ijyb barely misses you.
You are very lightly contaminated with residual magic.
It was a potion of magic.
Magic courses through your body. Ijyb hits you but does no damage.
It was a potion of haste.
Your stasis prevents you from being hasted.
Ijyb hits you with a dagger of electrocution.
You die...

# #..#.##
#.#.#######.....
{#.#...........##
#.#.......#....#
#.........<..#
#.[.#.###.#..# #
#####...#.#.#.#..#.#
................>†.#
#@......#.####.#
#g####.#...†...# #..
#.#..##...... ##.#
#.#..# .##### .#
#.#..# .# .# #.#..#
.. .. #.#..# ## #.
#.#... #.##


You could see Ijyb.

Vanquished Creatures
  An adder (D:2)
  An ooze (D:2)
  A worm (D:2)
  A dart slug (D:1)
  2 leopard geckos (D:1)
  2 ball pythons
  8 bats
  5 giant cockroaches
  4 goblins
  6 hobgoblins
  8 jackals
  A kobold (D:1)
  2 frilled lizards
  7 rats
49 creatures vanquished.

Notes
Turn   | Place    | Note
-------+----------+-------------------------------------------
     0 | D:1      | hilaritas the Formicid Fighter began the quest for the Orb.
     0 | D:1      | Reached XP level 1. HP: 18/18 MP: 1/1
   101 | D:1      | Reached skill level 4 in Shields
   104 | D:1      | Reached XP level 2. HP: 22/24 MP: 2/2
   501 | D:1      | Reached XP level 3. HP: 25/29 MP: 3/3
   947 | D:2      | Found an ancient bone altar of Kikubaaqudgha.
   976 | D:2      | Found a basalt altar of Yredelemnul.
  1148 | D:2      | Reached XP level 4. HP: 35/35 MP: 4/4
  1769 | D:3      | Noticed Ijyb
  1775 | D:3      | HP: 1/35 [Ijyb/wand of flame (?/48) (5)]
  1778 | D:3      | Slain by Ijyb

Skill      XL: |  1  2  3 |
---------------+----------+-----
Shields        | 4 |  4.7
Axes           | 3 |  3.6
Fighting       | |  3.2
Armour         | |  3.2

Action                   |  1- 3 |  4- 6 || total
-------------------------+-------+-------++-------
Melee: War axe           |   102 |    56 ||   158
  Use: Potion            |       |     5 ||     5
  Eat: Chunk             |     1 |     2 ||     3
Armor: Scale mail        |    14 |       ||    14
       Chain mail        |    43 |    28 ||    71
Dodge: Dodged            |    45 |    14 ||    59
Block: Shield            |    53 |    25 ||    78
